 Dungeon Crawl Stone Soup version 0.19.0-9-gfd783f2 (webtiles) character file.

152 Pepeogr the Conjurer (level 5, -4/37 HPs)
             Began as a Demonspawn Conjurer on Nov 7, 2016.
             Slain by a gnoll
             ... wielding a +0 halberd
              (11 damage)
             ... on level 2 of the Dungeon.
             The game lasted 00:12:35 (2289 turns).

Pepeogr the Conjurer (Demonspawn Conjurer)          Turns: 2289, Time: 00:12:35

Health: -4/37      AC:  3    Str:  8    XL:     5   Next: 11%
Magic:  1/9        EV: 12    Int: 18    God:
Gold:   143        SH:  0    Dex: 13    Spells: 3 memorised, 3 levels left

rFire  . . .     SeeInvis .     h - +1 mace (crush)
rCold  . . .     Gourm    .     a - +1 robe
rNeg   . . .     Faith    .     (no shield)
rPois  .         Spirit   .     (helmet restricted)
rElec  .         Reflect  .     (no cloak)
rCorr  .         Harm     .     (no gloves)
MR     .....                    (no boots)
Stlth  +++.......               (no amulet)
                                (no ring)
                                (no ring)

@: very slightly contaminated
A: horns 2, nightstalker 1, powered by death 1
a: no special abilities


You were on level 2 of the Dungeon.
You were not hungry.

You visited 1 branch of the dungeon, and saw 2 of its levels.

You collected 143 gold pieces.

Inventory:

Hand Weapons
 d - a +2 mace of holy wrath
 f - a +0 club
 h - a +1 mace of crushing (weapon)
Armour
 a - a +1 robe (worn)
 e - a +0 robe
 i - a +0 robe
Scrolls
 j - 2 scrolls of magic mapping
 k - a scroll of identify {unknown}
 l - a scroll of recharging
 m - a scroll of teleportation {unknown}
Books
 b - a book of Conjurations

   Spells                             Type                      Level
   a - Magic Dart                     Conjuration                  1
   b - Searing Ray                    Conjuration                  2
   c - Dazzling Spray                 Conjuration/Hexes            3
   d - Fulminant Prism                Conjuration/Hexes            4
   e - Iskenderun's Mystic Blast      Conjuration                  4
   f - Iskenderun's Battlesphere      Conjuration/Charms           5
Comestibles
 g - a meat ration


   Skills:
 + Level 1.0 Fighting
 + Level 2.3 Maces & Flails
 + Level 2.1 Dodging
 - Level 1.7 Stealth
 + Level 2.6 Spellcasting
 + Level 5.0 Conjurations


You had 3 spell levels left.
You knew the following spells:

 Your Spells              Type           Power        Failure   Level  Hunger
a - Magic Dart            Conj           ###.         1%          1    #......
b - Searing Ray           Conj           ###...       3%          2    ##.....
c - Dazzling Spray        Conj/Hex       ##....       21%         3    ###....


Dungeon Overview and Level Annotations

Branches:
Dungeon (2/15)

Altars:
Makhleb


Innate Abilities, Weirdness & Mutations

You have a pair of horns on your head.
You are slightly more attuned to the shadows.
You regenerate a little health from kills.


Message History

Confirm with . or Enter, or press ? or * to list all spells.
You don't have enough magic to cast that spell.
You feel better. The gnoll hits you with a halberd!
* * * LOW HITPOINT WARNING * * *
You barely miss the gnoll.
The gnoll is moderately wounded.
The gnoll misses you.
You completely miss the gnoll. Your headbutt misses the gnoll.
The gnoll is moderately wounded.
The gnoll barely misses you.
You hit the gnoll.
The gnoll is heavily wounded.
The gnoll closely misses you.
You closely miss the gnoll.
The gnoll is heavily wounded.
The gnoll closely misses you.
You hit the gnoll.
The gnoll is almost dead.
The gnoll hits you with a halberd!
You die...

################ #......
...............# #......
##############.# #......
#####**#######.############......
.....,,......................†...
*******#######.#.##########......
#.#.#,,,,...###..... ######
#.#g#,,,,,..........
#######....###.#@#######.###.....
.................†........##..###
......#....###.#..(...........###
#####.#....##.......####........(
## #.#....#####.##.# #..#.....#
.# #.#....# #.##.# #..#.#.#.#
.####.#....###*#.##.# ##.#.#.#.#
....#.#.......,...#.# #...#.#.#
.##.#.#.###########.# #...#.#.#


You could see a gnoll.

Vanquished Creatures
  Ijyb (D:2)
  Robin (D:2)
  2 gnolls (D:2)
  2 adders (D:2)
  5 dart slugs
  A leopard gecko (D:1)
  A giant cockroach (D:2)
  15 goblins
  10 hobgoblins
  8 jackals (D:2)
  2 ball pythons (D:1)
  4 bats
  2 frilled lizards (D:1)
  6 kobolds
  5 rats
65 creatures vanquished.

Notes
Turn   | Place    | Note
-------+----------+-------------------------------------------
     0 | D:1      | Pepeogr the Demonspawn Conjurer began the quest for the Orb.
     0 | D:1      | Reached XP level 1. HP: 13/13 MP: 3/3
   351 | D:1      | Gained mutation: You regenerate a little health from kills. [demonic ancestry]
   351 | D:1      | Reached XP level 2. HP: 4/19 MP: 0/5
   960 | D:1      | Learned a level 2 spell: Searing Ray
  1051 | D:1      | Gained mutation: You have a pair of small horns on your head. [demonic ancestry]
  1051 | D:1      | Reached XP level 3. HP: 24/24 MP: 1/6
  1206 | D:2      | Noticed Ijyb
  1230 | D:2      | Killed Ijyb
  1230 | D:2      | Reached skill level 1 in Maces & Flails
  1240 | D:2      | Learned a level 3 spell: Dazzling Spray
  1273 | D:2      | Found a burning altar of Makhleb.
  1275 | D:2      | Noticed a cacodemon
  1279 | D:2      | Noticed a hellwing
  1279 | D:2      | Noticed a ynoxinul
  1427 | D:2      | Gained mutation: You are slightly more attuned to the shadows. [demonic ancestry]
  1427 | D:2      | Reached XP level 4. HP: 25/30 MP: 7/7
  1593 | D:2      | Reached skill level 5 in Conjurations
  1973 | D:2      | Noticed Robin
  1991 | D:2      | Killed Robin
  2009 | D:2      | Reached skill level 1 in Fighting
  2272 | D:2      | Gained mutation: You have a pair of horns on your head. [demonic ancestry]
  2272 | D:2      | Reached XP level 5. HP: 37/37 MP: 1/8
  2289 | D:2      | Slain by a gnoll

Skill      XL: |  1  2  3  4 |
---------------+-------------+-----
Maces & Flails | 1 2 |  2.3
Dodging        | 2 |  2.1
Conjurations   | 5 |  5.0
Fighting       | 1 |  1.0
Stealth        | |  1.7
Spellcasting   | |  2.6

Action                   |  1- 3 |  4- 6 || total
-------------------------+-------+-------++-------
Melee: Club              |    19 |       ||    19
       Unarmed           |     9 |       ||     9
       Mace              |    42 |    73 ||   115
       Headbutt          |     3 |     8 ||    11
 Cast: Magic Dart        |    32 |       ||    32
       Searing Ray       |     7 |    22 ||    29
  Use: Potion            |     2 |     5 ||     7
       Scroll            |     3 |     2 ||     5
 Stab: Sleeping          |       |     1 ||     1
  Eat: Bread ration      |     1 |       ||     1
       Meat ration       |       |     1 ||     1
Armor: Robe              |    10 |    12 ||    22
Dodge: Dodged            |    52 |    66 ||   118
